1877 views
Uploaded 2023-08-16 22:21:39
Game version 1.36 (6115)
16:36 long 1on1 ladder game on (4)TurtleRock_S2
Saved by GIGA
1877 views
Uploaded 2023-08-16 22:21:39
Game version 1.36 (6115)
16:36 long 1on1 ladder game on (4)TurtleRock_S2

37 units @ 4.6k
/ 0.4k
17 buildings @ 1.9k
/ 0.7k



| Lesser Clarity Potion | 4 | 280 |
| Scroll of Regeneration | 6 | 600 |
| Potion of Mana | 1 | 200 |
| Orb of Fire | 1 | 325 |
| Potion of Healing | 2 | 300 |
| Boots of Speed | 1 | 250 |
| Potion of Lesser Invulnerability | 1 | 150 |
| total: | 16 | 2105g |
| Peasant | 18 | 1350 | / | 0 |
| Footman | 7 | 945 | / | 0 |
| Rifleman | 2 | 410 | / | 60 |
| Knight | 4 | 980 | / | 240 |
| Sorceress | 3 | 465 | / | 60 |
| Priest | 3 | 405 | / | 30 |
| total: | 37 | 4555g | / | 390w |
| Scout Tower | 3 | 90 | / | 60 |
| Arcane Tower | 2 | 140 | / | 100 |
| Guard Tower | 1 | 70 | / | 50 |
| Altar of Kings | 1 | 180 | / | 50 |
| Farm | 7 | 560 | / | 140 |
| Barracks | 1 | 160 | / | 60 |
| Arcane Vault | 1 | 130 | / | 30 |
| Lumber Mill | 1 | 120 | / | 0 |
| Blacksmith | 1 | 140 | / | 60 |
| Town Hall | 1 | 385 | / | 205 |
| Arcane Sanctum | 1 | 150 | / | 140 |
| Keep | 1 | 320 | / | 210 |
| Castle | 1 | 360 | / | 210 |
| total: | 17 | 1915g | / | 745w |
| 0:02 | Peasant |
| 0:02 | Peasant |
| 0:02 | Peasant |
| 0:10 | Altar of Kings |
| 0:19 | Farm |
| 0:21 | Farm |
| 0:25 | Barracks |
| 0:30 | Peasant |
| 0:39 | Peasant |
| 0:50 | Peasant |
| 1:03 | Peasant |
| 1:28 | Farm |
| 1:29 | Footman |
| 1:31 | Footman |
| 1:45 | Peasant |
| 1:45 | Peasant |
| 1:45 | Peasant |
| 1:47 | Peasant |
| 2:24 | Footman |
| 2:24 | Footman |
| 2:27 | Storm Bolt |
| 2:42 | Peasant |
| 2:42 | Peasant |
| 2:47 | Farm |
| 2:50 | Arcane Vault |
| 3:27 | Peasant |
| 3:38 | Bash |
| 3:42 | Footman |
| 4:01 | Boots of Speed |
| 4:11 | Keep |
| 4:47 | Scout Tower |
| 4:49 | Lumber Mill |
| 5:11 | Blacksmith |
| 5:17 | Farm |
| 5:19 | Arcane Tower |
| 5:26 | Lesser Clarity Potion |
| 5:28 | Scroll of Regeneration |
| 5:37 | Footman |
| 5:43 | Farm |
| 5:51 | Footman |
| 6:52 | Castle |
| 7:15 | Long Rifles |
| 7:19 | Rifleman |
| 7:38 | Lesser Clarity Potion |
| 7:39 | Scroll of Regeneration |
| 7:48 | Siphon Mana |
| 7:54 | Scout Tower |
| 8:24 | Rifleman |
| 8:28 | Guard Tower |
| 8:30 | Arcane Sanctum |
| 8:35 | Storm Bolt |
| 8:54 | Town Hall |
| 8:57 | Scout Tower |
| 9:09 | Scroll of Regeneration |
| 9:27 | Arcane Tower |
| 9:52 | Knight |
| 10:07 | Peasant |
| 10:10 | Peasant |
| 10:22 | Sorceress |
| 10:32 | Banish |
| 11:16 | Sorceress |
| 11:16 | Sorceress |
| 11:18 | Knight |
| 11:18 | Knight |
| 11:20 | Lesser Clarity Potion |
| 11:34 | Lesser Clarity Potion |
| 11:36 | Scroll of Regeneration |
| 11:38 | Potion of Mana |
| 11:42 | Orb of Fire |
| 11:49 | Potion of Healing |
| 12:16 | Potion of Lesser Invulnerability |
| 12:48 | Priest Adept Training |
| 12:48 | Priest |
| 12:48 | Priest |
| 13:18 | Scroll of Regeneration |
| 13:28 | Farm |
| 13:55 | Peasant |
| 13:55 | Peasant |
| 14:13 | Scroll of Regeneration |
| 14:34 | Animal War Training |
| 14:34 | Knight |
| 15:14 | Holy Light |
| 15:21 | Potion of Healing |
| 15:25 | Priest |
| 16:04 | Thunder Clap |
| Right click | 417 |
| Select group | 320 |
| Select | 216 |
| Build/train/purchase | 93 |
| Assign group | 64 |
| Misc. action | 33 |
| Use ability | 29 |
| Item give/drop | 3 |
| Remove unit | 2 |
25 units @ 3.5k
/ 0.4k
13 buildings @ 2.3k
/ 0.9k


| Healing Salve | 1 | 100 |
| Scroll of Speed | 1 | 50 |
| Lesser Clarity Potion | 1 | 70 |
| Scroll of Town Portal | 1 | 350 |
| total: | 4 | 570g |
| Peon | 10 | 750 | / | 0 |
| Grunt | 4 | 800 | / | 0 |
| Spirit Walker | 3 | 585 | / | 105 |
| Shaman | 5 | 650 | / | 100 |
| Troll Headhunter | 1 | 140 | / | 20 |
| Tauren | 2 | 560 | / | 160 |
| total: | 25 | 3485g | / | 385w |
| Watch Tower | 1 | 110 | / | 80 |
| Altar of Storms | 1 | 180 | / | 50 |
| Orc Burrow | 5 | 800 | / | 200 |
| Barracks | 1 | 180 | / | 50 |
| Voodoo Lounge | 1 | 130 | / | 30 |
| War Mill | 1 | 205 | / | 0 |
| Great Hall | 1 | 385 | / | 185 |
| Tauren Totem | 1 | 135 | / | 155 |
| Spirit Lodge | 1 | 150 | / | 150 |
| Stronghold | 1 | 315 | / | 190 |
| Fortress | 1 | 325 | / | 190 |
| total: | 13 | 2275g | / | 900w |
| 0:02 | Peon |
| 0:03 | Peon |
| 0:06 | Altar of Storms |
| 0:12 | Orc Burrow |
| 0:18 | Peon |
| 0:35 | Barracks |
| 0:43 | Peon |
| 1:05 | Peon |
| 1:05 | Peon |
| 1:16 | Peon |
| 1:35 | Peon |
| 1:40 | Grunt |
| 2:07 | Stronghold |
| 2:13 | Feral Spirit |
| 2:31 | Orc Burrow |
| 2:33 | Voodoo Lounge |
| 3:17 | War Mill |
| 3:28 | Chain Lighting |
| 4:02 | Grunt |
| 4:02 | Grunt |
| 4:38 | Tauren Totem |
| 4:43 | Spirit Lodge |
| 4:45 | Healing Salve |
| 5:20 | Orc Burrow |
| 5:22 | Steel Ranged Weapons |
| 5:24 | Steel Armor |
| 5:46 | Hex |
| 6:57 | Spirit Walker |
| 6:58 | Shaman |
| 7:00 | Fortress |
| 7:08 | Feral Spirit |
| 7:20 | Reinforced Defenses |
| 7:44 | Scroll of Town Portal |
| 8:20 | Troll Headhunter |
| 8:22 | Shaman |
| 8:22 | Shaman Adept Training |
| 8:23 | Spirit Walker Adept Training |
| 8:41 | Grunt |
| 9:26 | Orc Burrow |
| 9:28 | Pulverize |
| 9:30 | Peon |
| 9:30 | Peon |
| 9:50 | Scroll of Speed |
| 9:51 | Lesser Clarity Potion |
| 9:58 | Healing Wave |
| 10:05 | Orc Burrow |
| 10:08 | Shaman Master Training |
| 11:08 | Tauren |
| 11:08 | Tauren |
| 11:11 | Shaman |
| 11:43 | Shaman |
| 12:29 | Healing Wave |
| 12:59 | Chain Lighting |
| 13:08 | Spirit Walker |
| 13:09 | Spirit Walker |
| 13:09 | Spirit Walker Master Training |
| 13:12 | Shaman |
| 14:13 | Great Hall |
| 14:16 | Watch Tower |
| 15:05 | Hex |
| 15:56 | Feral Spirit |
| 16:19 | Healing Wave |
| Right click | 876 |
| Select group | 346 |
| Select | 304 |
| Build/train/purchase | 73 |
| Misc. action | 41 |
| Use ability | 41 |
| Assign group | 33 |
| Item give/drop | 1 |
| Remove unit | 1 |
| Esc | 1 |
โ